 Dungeon Crawl Stone Soup version 0.31-a0-986-g5e6e4ef867 (webtiles) character file.

Game seed: 16614864833359031185

39 LeprechaunX the Changeling (level 3, -1/34 HPs)
             Began as an Octopode Shapeshifter on Nov 18, 2023.
             Slain by a goblin
             ... wielding a +0 dagger
             ... led by Robin
              (2 damage)
             ... on level 2 of the Dungeon.
             The game lasted 00:01:52 (719 turns).

LeprechaunX the Changeling (Octopode Shapeshifter)   Turns: 719, Time: 00:01:53

Health: -1/34      AC: 21    Str: 13    XL:     3   Next: 45%
Magic:  4/4        EV:  2    Int: 18    God:
Gold:   44         SH:  4    Dex: 13    Spells: 1/3 levels left

rFire   . .          .
                       - Unarmed
rCold   . . .        m - +0 buckler
rNeg    . . .        (helmet currently unavailable)
rPois   +            (no amulet)
rElec   .            j - +6 ring of intelligence
rCorr   .            (no ring)
SInv    .            (no ring)
Will    .....        (no ring)
Stlth   +            (no ring)
HPRegen 0.25/turn    (no ring)
MPRegen 0.09/turn    (no ring)
                     (no ring)

%: no passive effects
@: tree-form
A: stationary, stasis, torment immunity, boosted hp, almost no armour,
(amphibious), 8 rings, (camouflage 1), (gelatinous body 1), (nimble swimmer 1),
(tentacles)
a: no special abilities


You were on level 2 of the Dungeon.
You were a tree.
You visited 1 branch of the dungeon, and saw 2 of its levels.

You collected 44 gold pieces.

Inventory:

Missiles
 i - 4 poisoned darts
Armour
 m - a +0 buckler (worn)
Jewellery
 j - a +6 ring of intelligence (left branch)
Talismans
 b - a beast talisman
 c - a flux talisman
Wands
 l - a wand of charming (4)
Scrolls
 d - a scroll of torment {unknown}
 g - a scroll of fog {unknown}
Potions
 e - a potion of heal wounds {unknown}
 f - 2 potions of enlightenment {unknown}
 h - a potion of haste {unknown}
 k - a potion of berserk rage {unknown}


   Skills:
 + Level 1.5 Fighting
 + Level 0.2 Throwing
 - Level 2.0 Dodging
 + Level 3.3 Unarmed Combat
 + Level 0.7 Spellcasting
 + Level 0.1 Translocations
 * Level 3.5 Shapeshifting


You had one spell level left.
You knew the following spells:

 Your Spells              Type           Power      Damage    Failure   Level
a - Blink                 Tloc           2%         N/A       38%         2

Your spell library contained the following spells:

 Spells                   Type           Power      Damage    Failure   Level
 Manifold Assault         Tloc           1%         N/A       95%         4
 Haunt                    Necr/Summ      0%         N/A       100%        7
 Borgnjor's Revivificati  Necr           0%         N/A       100%        8
 Death's Door             Necr           0%         N/A       100%        9


Dungeon Overview and Level Annotations

Branches:
Dungeon (2/15)

Altars:
Yredelemnul

Annotations:
D:2 Robin


Innate Abilities, Weirdness & Mutations

You are a tree.
Your roots penetrate the ground, keeping you stationary.
You cannot be teleported.
You are immune to unholy pain and torment.
Your maximum health is greatly increased.
You cannot wear most types of armour.
((You are amphibious.))
You can wear up to eight rings at the same time.
((Your skin changes colour to match your surroundings (Stealth+).))
((Your rubbery body absorbs attacks. (AC +1, EV +1)))
((You are camouflaged when in or above water. (Stealth+)))
((You have tentacles for arms and can constrict up to eight enemies at once.))


Message History

The hobgoblin is moderately wounded.
The hobgoblin hits you but does no damage.
The goblin hits you with a +0 dagger.
* * * LOW HITPOINT WARNING * * *
The hobgoblin hits you but does no damage.
You closely miss the hobgoblin.
A goblin comes into view. It is wielding a +0 club.
The goblin hits you but does no damage. You block the hobgoblin's attack.
The goblin moves out of view.
You hit the hobgoblin.
The hobgoblin is moderately wounded.
The goblin no longer looks unusually strong.
You block the goblin's attack.
Robin roars a battlecry!
The goblins go into a battle-frenzy!
The hobgoblin barely misses you.
The goblin shouts!
You barely miss the goblin.
You hear a shout!
The goblin completely misses you. Robin throws the goblin at you!
The hobgoblin hits you.
* * * LOW HITPOINT WARNING * * *
You hit the goblin.
The goblin is severely wounded.
The goblin no longer looks unusually strong. x2
The goblin hits you but does no damage. You block the goblin's attack.
The hobgoblin hits you but does no damage.
A hobgoblin comes into view.
You hit the goblin.
You kill the goblin!
The goblin no longer looks unusually strong.
The goblin hits you with a +0 dagger.
* * * LOW HITPOINT WARNING * * *
The hobgoblin hits you but does no damage.
The goblin hits you but does no damage.
You hit the goblin.
The goblin is moderately wounded.
The hobgoblin hits you but does no damage.
The goblin hits you with a +0 dagger.
You die...

#.# #.##.# #.#
#.##.###
#.###......#
#..........#
#.########.#
#####.# #. #.#
#.....#
#######.###.#
..........)g#
#######.###♣#
#.###g#
#.#.gJ# #
#.#.#B######
.>..#g#gg....#
(......g####.#
#####........#
#...##^..#
....#g .##


You could see Robin, an endoplasm, a giant cockroach, 3 hobgoblins and 3
goblins.

Vanquished Creatures
  A gnoll (D:1)
  2 endoplasms (D:1)
  2 hobgoblins
  2 jackals (D:2)
  3 quokkas
  3 ball pythons
  4 bats
  8 goblins
  2 kobolds (D:1)
  A rat (D:2)
28 creatures vanquished.

Notes
Turn   | Place    | Note
-------+----------+-------------------------------------------
     0 | D:1      | LeprechaunX the Octopode Shapeshifter began the quest for
                  | the Orb.
     0 | D:1      | Reached XP level 1. HP: 13/13 MP: 1/1
    33 | D:1      | Reached XP level 2. HP: 7/18 MP: 2/2
   304 | D:1      | Reached XP level 3. HP: 23/23 MP: 3/3
   495 | D:1      | Learned a level 2 spell: Blink
   521 | D:2      | Identified the "Lomasaty"
   630 | D:2      | Found a basalt altar of Yredelemnul.
   698 | D:2      | Noticed Robin
   718 | D:2      | HP: 1/34 [goblin/+0 dagger[Robin] (3)]
   719 | D:2      | Slain by a goblin

Illustrated notes

Levels and vault maps discovered:
D:1:      wander_arrival_desolate, layout_rooms, serial_corexii_hall,
          corexii_hall_statues_i, corexii_hall_statues_l
D:2:      layout_loops_ring, shapermc_ecumenical_altar_rom_forum, basic_altar,
          uniq_robin

Action                     || total
---------------------------++-------
  Melee: Unarmed           ||    60
         Constrict         ||     8
         Tentacles         ||     7
         Punch             ||     1
    Use: Potion            ||     1
   Stab: Sleeping          ||     4
 Armour: Skin              ||    45
  Dodge: Dodged            ||    30
  Block: Buckler           ||     6

Table legend: (Time is in decaauts)
 A = Elapsed time spent in this place.
 B = Non-inter-level travel time spent in this place.
 C = Inter-level travel time spent in this place.
 D = Time resting spent in this place.
 E = Time spent auto-exploring this place.
 F = Levels seen in this place.
 G = Mean time per level.
                   A        B        C        D        E       F      G
               +--------+--------+--------+--------+--------+-----+--------+
         Total |    716 |    690 |     26 |      0 |    507 |   2 |  358.0 |
       Dungeon |    716 |    690 |     26 |      0 |    507 |   2 |  358.0 |
               +--------+--------+--------+--------+--------+-----+--------+

Top non-repeatable levels by time:
     D:1: 519 daAuts
     D:2: 196 daAuts
